 Dungeon Crawl Stone Soup version 0.29-a0-275-g389c0b56f3 (webtiles) character file.

Game seed: 12247642886044406481

2615 drugrobin the Cleaver (level 9, -6/80 HPs)
             Began as a Demigod Fighter on Mar 13, 2022.
             Mangled by an orc warrior
             ... wielding a +0 war axe
              (15 damage)
             ... in a bailey.
             The game lasted 00:19:04 (7099 turns).

drugrobin the Cleaver (Demigod Fighter)             Turns: 7099, Time: 00:19:04

Health: -6/80      AC:  7    Str: 35    XL:     9   Next: 12%
Magic:  11/11      EV: 10    Int: 10    God:
Gold:   343        SH:  4    Dex: 13    Spells: 1/8 levels left

rFire   . . .      SeeInvis .   b - +2 trident (venom)
rCold   . . .      Faith    .   t - +0 buckler
rNeg    . . .      Spirit   .   I - +0 steam dragon scales
rPois   .          Reflect  .   (no helmet)
rElec   .          Harm     .   (no cloak)
rCorr   .          Rampage  .   E - +0 pair of gloves
Will    .....                   r - +0 pair of boots
Stlth   +.........              x - amulet of regeneration
HPRegen 1.03/turn               J - ring of wizardry
MPRegen 0.12/turn               B - +6 ring of strength

@: mighty, studying Necromancy
A: high MP 1, forlorn, divine attributes
a: no special abilities


You were in a bailey.
You visited 1 branch of the dungeon, and saw 7 of its levels.
You also visited: Bailey.

You collected 343 gold pieces.

Inventory:

Hand Weapons
 a - a +0 war axe
 b - a +2 trident of venom (weapon)
 c - a +0 hand axe
 H - a +4 flail
Missiles
 F - 4 poisoned darts
 M - 15 boomerangs (quivered)
Armour
 m - a +0 ring mail
 q - a +0 scale mail
 r - a +0 pair of boots (worn)
 s - a +0 chain mail
 t - a +0 buckler (worn)
 E - a +0 pair of gloves (worn)
 I - +0 steam dragon scales (worn)
Jewellery
 l - a ring of ice
 o - a ring of flight
 x - an amulet of regeneration (around neck)
 B - a +6 ring of strength (right hand)
 C - a ring of ice
 J - a ring of wizardry (left hand)
Wands
 L - a wand of mindburst (12)
Scrolls
 e - a scroll of holy word {unknown}
 f - 3 scrolls of teleportation {unknown}
 h - 3 scrolls of enchant armour {unknown}
 j - 2 scrolls of enchant weapon {unknown}
 k - 7 scrolls of identify {unknown}
 p - a scroll of fear {unknown}
 w - a scroll of summoning {unknown}
 y - a scroll of silence {unknown}
 A - 2 scrolls of noise {unknown}
 D - a scroll of amnesia {unknown}
 K - a scroll of fog {unknown}
Potions
 g - a potion of curing {unknown}
 i - 3 potions of degeneration {unknown}
 n - a potion of mutation {unknown}
 u - 3 potions of attraction {unknown}
 v - a potion of magic {unknown}
 G - 3 potions of ambrosia {unknown}


   Skills:
 + Level 7.6 Fighting
 + Level 9.5 Axes
 - Level 2.6 Armour
 - Level 2.6 Shields


You had one spell level left.
You knew the following spells:

 Your Spells              Type           Power      Damage    Failure   Level
a - Summon Small Mammal   Summ           0%         N/A       21%         1
b - Call Canine Familiar  Summ           0%         N/A       50%         3
c - Summon Guardian Gole  Hex/Summ       0%         N/A       50%         3

Your spell library contained the following spells:

 Spells                   Type           Power      Damage    Failure   Level
 Stone Arrow              Conj/Erth      0%         3d7       50%         3
 Animate Armour           Summ/Erth      0%         N/A       86%         4
 Lehudib's Crystal Spear  Conj/Erth      0%         10d2      100%        8


Dungeon Overview and Level Annotations

Branches:
Dungeon (7/15)             Temple (0/1) D:7          Bailey (1/1)

Shops:
D:7 *

Annotations:
D:4 1 runed translucent door, pigah's ghost, amateur OpAE


Innate Abilities, Weirdness & Mutations

You have an increased reservoir of magic. (+10% MP)
You shall have no god before yourself.
Your divine heritage dramatically boosts your attributes as you level up.


Message History

The orc warrior attacks as you move away!
The orc warrior splashes around in the water.
Unknown command.
Unknown command.
The orc warrior attacks as you move away!
The orc warrior closely misses you.
There is an open door here.
The orc warrior attacks as you move away!
The orc warrior hits you with a +0 war axe.
The orc warrior looks more healthy.
You hit the orc warrior.
The orc warrior is heavily wounded.
Unknown command.
You barely miss the orc warrior.
The orc warrior is heavily wounded.
The orc warrior hits you with a +0 war axe!
The orc warrior hits you with a +0 war axe.
* * * LOW HITPOINT WARNING * * *
Unknown command.
Unknown command.
Unknown command.
The orc warrior attacks as you move away!
The orc warrior hits you with a +0 war axe!
* * * LOW HITPOINT WARNING * * *
The orc warrior closely misses you.
Unknown command.
Press: ? - help, v - describe, . - travel
Here: an orc warrior, wielding a +0 war axe and wearing a +0 chain mail The floor, spattered with blood.
Unknown command.
You feel very mighty all of a sudden. You block the orc warrior's attack.
The orc warrior closely misses you.
Unknown command.
Unknown command.
You hit the orc warrior.
The orc warrior is poisoned.
The orc warrior is severely wounded.
The orc warrior hits you with a +0 war axe!
* * * LOW HITPOINT WARNING * * *
The orc warrior hits you with a +0 war axe!
You die...

♣♣♣∩♣♣♣ ####
♣♣♣.....♣♣♣#####
#...##.........##...##
?....##.......##.....## ≈≈♣♣
......##≈≈≈≈≈##...8...##≈≈≈♣
8..8...#≈≈≈≈≈#.........##≈≈♣
.......#≈≈≈≈≈#o.........#≈≈♣
.......)(....Ko@..8..8..#≈≈♣
8......#########........#≈≈♣
....### #≈≈≈##......##≈≈♣
... ...)≈#.....##...♣ .
...!g#.)..##....♣
.8.8##....#.....♣♣
...o#.....'......♣
...g#..†..'.).∩.∩♣
....#.....).†....♣


You could see 2 orc warriors and a kobold.

Vanquished Creatures
  A shadow (D:5)
  5 yaks
  A steam dragon (D:5)
  Edmund (D:5)
  2 black bears
  2 ogres (D:6)
  2 ice beasts
  A centaur (D:5)
  A phantom (D:6)
  3 bullfrogs
  A hound (D:6)
  2 jellies
  2 orc priests (D:5)
  3 iguanas
  5 orc wizards (D:5)
  8 gnolls
  9 adders
  2 adder skeletons (D:3)
  3 dart slugs (D:5)
  19 orcs
  6 endoplasms
  8 hobgoblins
  3 jackals (D:1)
  14 kobolds
  4 quokkas
  12 ball pythons
  A ball python skeleton (D:3)
  A bat (D:2)
  4 frilled lizards
  A giant cockroach zombie (D:3)
  13 goblins
  A jackal skeleton (D:3)
  4 rats
145 creatures vanquished.

Vanquished Creatures (others)
  An orc priest (D:5)
  An orc (D:5)
  5 withered plants (D:3)
7 creatures vanquished.

Grand Total: 152 creatures vanquished

Notes
Turn   | Place    | Note
-------+----------+-------------------------------------------
     0 | D:1      | drugrobin the Demigod Fighter began the quest for the Orb.
     0 | D:1      | Reached XP level 1. HP: 18/18 MP: 3/3
   140 | D:1      | Reached skill level 2 in Axes
   603 | D:1      | Reached XP level 2. HP: 25/25 MP: 4/4
  1134 | D:2      | Reached skill level 3 in Axes
  1715 | D:3      | Reached XP level 3. HP: 25/30 MP: 5/5
  2369 | D:3      | Reached skill level 4 in Axes
  2594 | D:3      | Reached XP level 4. HP: 13/37 MP: 6/6
  3846 | D:3      | Reached skill level 5 in Axes
  3846 | D:3      | Reached XP level 5. HP: 28/42 MP: 7/7
  4017 | D:4      | Found a runed translucent door.
  4024 | D:4      | Noticed pigah's ghost (amateur OpAE)
  4575 | D:5      | Entered Level 5 of the Dungeon
  4813 | D:5      | Reached skill level 6 in Axes
  4813 | D:5      | Reached XP level 6. HP: 50/50 MP: 8/8
  4941 | D:5      | Noticed Edmund
  4957 | D:5      | Killed Edmund
  5063 | D:5      | Noticed a yak
  5087 | D:5      | Killed a yak
  5088 | D:5      | Reached XP level 7. HP: 37/59 MP: 9/9
  5178 | D:5      | Noticed a shadow
  5194 | D:5      | Killed a shadow
  5195 | D:5      | Reached skill level 7 in Axes
  5256 | D:5      | Reached skill level 5 in Fighting
  5648 | D:6      | Reached XP level 8. HP: 69/69 MP: 10/10
  5663 | D:6      | Reached skill level 8 in Axes
  5885 | D:6      | Reached skill level 9 in Axes
  6094 | D:6      | Reached XP level 9. HP: 72/79 MP: 11/11
  6334 | D:6      | Learned a level 1 spell: Summon Small Mammal
  6338 | D:6      | Learned a level 3 spell: Call Canine Familiar
  6342 | D:6      | Learned a level 3 spell: Summon Guardian Golem
  6630 | D:7      | Found a staircase to the Ecumenical Temple.
  6720 | D:7      | Found Odixile's Assorted Antiques.
  6871 | D:7      | Found a flagged portal.
  6909 | Bailey   | Entered a bailey
  6945 | Bailey   | Noticed an orc warlord
  6994 | Bailey   | Acquired a manual of Necromancy
  7099 | Bailey   | Mangled by an orc warrior

Illustrated notes

Levels and vault maps discovered:
D:1:      lightli_arrival_noodles, layout_loops_ring, chequers_avenue
D:2:      layout_rooms
D:3:      minmay_octagon_keep, layout_loops_ring, serial_undead,
          serial_undead_c, serial_undead_a, serial_undead_a, serial_undead_e,
          serial_undead_b, nicolae_ecumenical_snake_handling, patterned_corridor
D:4:      layout_rooms, overflow_temple_1_default, ebering_ghost_sewer_d
D:5:      layout_loops_ring, mainiacjoe_overflow_alcove_1, serial_park_tiny_2,
          hangedman_feature_mirror, fountainhead, lemuel_flamethrower_2,
          uniq_edmund
D:6:      layout_loops_ring, grunt_temple_overflow_open, grunt_ministairs_1,
          hangedman_abyss_or_decor_lesser_grid
D:7:      layout_loops_ring, lemuel_coloured_pillars_altar,
          general_overflow_altar, minmay_temple_entry_sparse_star,
          enter_bailey_5, serial_shops, nicolae_shop_behind_doors
Bailey:   bailey_axe_bossmonster_kennysheep, bailey

Skill      XL: |  1  2  3  4  5  6  7  8 |
---------------+-------------------------+-----
Axes           | 2 3 4 5 6 7 9 |  9.5
Fighting       | 4 5 7 |  7.6
Armour         | |  2.6
Shields        | |  2.6

Action                   |  1- 3 |  4- 6 |  7- 9 || total
-------------------------+-------+-------+-------++-------
Melee: War axe           |   145 |    69 |       ||   214
       Hand axe          |     4 |    22 |       ||    26
       Trident           |       |    88 |   221 ||   309
Throw: Stone             |     6 |    14 |     2 ||    22
       Dart              |       |     4 |     6 ||    10
       Boomerang         |       |       |     1 ||     1
  Use: Scroll            |       |       |     1 ||     1
       Potion            |       |       |     1 ||     1
Armor: Scale mail        |    35 |    32 |       ||    67
       Ring mail         |    27 |       |       ||    27
       Chain mail        |       |    28 |    49 ||    77
       Steam dragon scal |       |       |    32 ||    32
Dodge: Dodged            |    52 |    63 |    78 ||   193
Block: Buckler           |    34 |    28 |    31 ||    93

Table legend: (Time is in decaauts)
 A = Elapsed time spent in this place.
 B = Non-inter-level travel time spent in this place.
 C = Inter-level travel time spent in this place.
 D = Time resting spent in this place.
 E = Time spent auto-exploring this place.
 F = Levels seen in this place.
 G = Mean time per level.
                   A        B        C        D        E       F      G
               +--------+--------+--------+--------+--------+-----+--------+
         Total |   7219 |   6859 |    360 |   1542 |   3011 |   8 |  902.4 |
       Dungeon |   7026 |   6666 |    360 |   1542 |   3004 |   7 | 1003.7 |
        Bailey |    193 |    193 |      0 |      0 |      7 |   1 |  193.0 |
               +--------+--------+--------+--------+--------+-----+--------+

Top non-repeatable levels by time:
     D:3: 2184 daAuts
     D:1: 1155 daAuts
     D:5: 1154 daAuts
     D:6: 844 daAuts
     D:2: 743 daAuts
     D:4: 584 daAuts
     D:7: 358 daAuts
  Bailey: 193 daAuts
